 Dungeon Crawl Stone Soup version 0.21.1-1-g345015f (webtiles) character file.

7725 torrenera the Magician (level 11, -1/84 HPs)
             Began as a Gnoll Skald on Apr 18, 2018.
             Was a Priest of Okawaru.
             Slain by a black mamba (13 damage)
             ... on level 1 of the Lair of Beasts.
             The game lasted 00:30:31 (9961 turns).

torrenera the Magician (Gnoll Skald)                Turns: 9961, Time: 00:30:33

Health: -1/84      AC:  5    Str: 21    XL:     11   Next: 19%
Magic:  26/31      EV: 16    Int: 17    God:    Okawaru [***...]
Gold:   550        SH:  3    Dex: 14    Spells: 14/25 levels left

rFire    + + .     SeeInvis .   a - +9 whip "Nofrauwa" {slash, rPois rF++ MP+9}
rCold    . . .     Gourm    .   (no shield)
rNeg     . . .     Faith    .   R - +0 leather armour of Qibb {Regen+ Str+5} (curse)
rPois    +         Spirit   .   (no helmet)
rElec    .         Reflect  +   L - +0 cloak
rCorr    .         Harm     .   (no gloves)
MR       +....                  (no boots)
Stlth    +++.......             G - +3 amulet of reflection
HPRegen  1.64/turn              C - ring of protection from magic
MPRegen  0.22/turn              (no ring)

@: lethally poisoned (-1 -> -1), infused, regenerating
A: distributed training, fangs 1, strong nose
a: Heroism, Renounce Religion


You were on level 1 of the Lair of Beasts.
You worshipped Okawaru.
Okawaru was most pleased with you.
You were not hungry.

You visited 3 branches of the dungeon, and saw 13 of its levels.
You also visited: Sewer.

You collected 550 gold pieces.

Inventory:

Hand Weapons
 a - the +9 whip "Nofrauwa" (weapon) {slash, rPois rF++ MP+9}
   (You found it on level 6 of the Dungeon)

   It inflicts extra damage upon your enemies.
   It greatly protects you from fire.
   It protects you from poison.
   It affects your magic capacity (+9).
 b - a +0 shortbow
 o - a cursed +2 battleaxe
 J - a +0 war axe of chopping
 Q - a +1 spear of venom
 S - a +0 glaive of venom
 Y - a +0 scimitar of flaming
Missiles
 f - 125 poisoned needles
 h - 120 bolts
 i - 111 arrows
 y - 5 needles of sleeping
 N - 5 tomahawks (quivered)
Armour
 t - a cursed +0 shield
 L - a +0 cloak (worn)
 R - the cursed +0 leather armour of Qibb (worn) {Regen+ Str+5}
   (You found it on level 7 of the Dungeon)

   It affects your strength (+5).
   It increases your rate of regeneration.
   It has a curse placed upon it.
 W - the +3 helmet of the Pit {+Blink rElec Regen+ Dex-3, unknown}
   (You found it on level 11 of the Dungeon)

   It affects your dexterity (-3).
   It insulates you from electricity.
   It lets you blink.
   It increases your rate of regeneration.
Jewellery
 r - an uncursed ring of protection from magic
 C - a ring of protection from magic (left hand)
 G - a +3 amulet of reflection (around neck)
Wands
 q - a wand of acid (11)
 D - a wand of flame (23)
 O - a wand of digging (9)
 P - a wand of polymorph (11)
 V - a wand of paralysis (13)
Scrolls
 e - a scroll of torment {unknown}
 g - 4 scrolls of identify
 k - 2 scrolls of remove curse
 p - a scroll of noise {unknown}
 s - a scroll of enchant weapon {unknown}
 x - a scroll of fear {unknown}
 B - 4 scrolls of teleportation
 F - a scroll of fog {unknown}
 I - a scroll of vulnerability {unknown}
 K - a scroll of magic mapping {unknown}
 M - a scroll of blinking {unknown}
 U - a scroll of brand weapon {unknown}
Potions
 j - 5 potions of brilliance
 l - a potion of heal wounds
 m - 4 potions of curing
 n - a potion of resistance
 u - a potion of mutation
 v - 3 potions of cancellation
 w - a potion of invisibility {unknown}
 z - a potion of agility
 A - 2 potions of haste
 E - 4 potions of flight
 H - a potion of lignification
Books
 c - a book of Battle

   Spells                             Type                      Level
   a - Infusion                       Charms                       1
   b - Shroud of Golubria             Charms/Translocation         2
   c - Song of Slaying                Charms                       2
   d - Spectral Weapon                Hexes/Charms                 3
   e - Regeneration                   Charms/Necromancy            3
Miscellaneous
 T - a sack of spiders
Comestibles
 d - 24 rations


   Skills:
 + Level 7.6 Fighting
 + Level 5.9 Short Blades
 + Level 5.9 Long Blades
 + Level 7.6 Axes
 + Level 5.9 Maces & Flails
 + Level 5.9 Polearms
 + Level 5.9 Staves
 + Level 5.9 Slings
 + Level 5.9 Bows
 + Level 5.9 Crossbows
 + Level 5.9 Throwing
 + Level 6.5 Armour
 + Level 7.6 Dodging
 + Level 5.9 Stealth
 + Level 5.9 Shields
 + Level 5.9 Unarmed Combat
 + Level 7.9 Spellcasting
 + Level 4.9 Conjurations
 + Level 4.9 Hexes
 + Level 7.4 Charms
 + Level 4.9 Summonings
 + Level 4.9 Necromancy
 + Level 4.9 Translocations
 + Level 4.9 Transmutations
 + Level 4.9 Fire Magic
 + Level 4.9 Ice Magic
 + Level 4.9 Air Magic
 + Level 4.9 Earth Magic
 + Level 4.9 Poison Magic
 + Level 6.5 Invocations
 + Level 5.9 Evocations


You had 14 spell levels left.
You knew the following spells:

 Your Spells              Type           Power        Failure   Level  Hunger
a - Infusion              Chrm           ####         1%          1    None
b - Song of Slaying       Chrm           ####....     1%          2    None
c - Shroud of Golubria    Chrm/Tloc      ####......   1%          2    None
d - Regeneration          Chrm/Necr      ####......   2%          3    #......
e - Spectral Weapon       Hex/Chrm       ####....     2%          3    #......


Dungeon Overview and Level Annotations

Branches:
Dungeon (11/15)            Temple (1/1) D:5            Lair (1/6) D:8
    Orc: D:9-12

Altars:
Ashenzari
Cheibriados
Dithmenos
Elyvilon
Fedhas
Gozag
Hepliaklqana
Kikubaaqudgha
Makhleb
Nemelex Xobeh
Okawaru
Qazlal
Ru
Sif Muna
Trog
Uskayaw
Vehumet
Wu Jian
Xom
Yredelemnul
Zin
The Shining One


Innate Abilities, Weirdness & Mutations

Your experience applies equally to all skills.
You have very sharp teeth.
Your uncanny sense of smell can sniff out nearby items.


Message History

You hit the black mamba.
The black mamba is almost dead.
You feel sick. The black mamba bites you!
The black mamba completely misses you. The crocodile closely misses you.
You hit the black mamba but do no damage.
The black mamba is almost dead.
You feel sick. The black mamba bites you!
* * * LOW HITPOINT WARNING * * *
Casting: Song of Slaying
Confirm with . or Enter, or press ? or * to list all spells.
Your skin crawls.
You feel sick. The black mamba closely misses you.
The crocodile barely misses you.
The black mamba bites you but does no damage.
Casting: Regeneration
Confirm with . or Enter, or press ? or * to list all spells.
You begin infusing your attacks with magical energy.
You feel sick. The black mamba misses you. The crocodile bites you!
* * * LOW HITPOINT WARNING * * *
The black mamba bites you!
You die...

#........# ∆
#........## ∆
#.........#
#......<.+..#
#........#
#...
+....)...#
...
#........# ..
#####./..#
##@.#.# ∆
#St.## #...#
....# ....#
8#...# ##....
....##


You could see a black mamba and a crocodile.

Vanquished Creatures
  A hydra (D:11)
  Erica (D:8)
  Pikel (D:7)
  An ugly thing (D:11)
  Joseph (D:7)
  Grinder (D:6)
  2 hornets (D:10)
  2 hippogriffs
  A vampire (D:9)
  A soldier ant (D:10)
  Duvessa (D:7)
  A water moccasin (D:11)
  An ice beast (D:8)
  2 sky beasts
  2 slaves (D:7)
  2 orc warriors
  A black bear (D:8)
  A wolf (D:8)
  3 centaurs
  A crocodile (D:7)
  3 ogres
  A big kobold (Sewer)
  7 bullfrogs
  A wyvern zombie (D:6)
  4 scorpions
  Dowan (D:7)
  3 killer bees (D:7)
  4 wights (D:8)
  3 howler monkeys
  3 centaur skeletons
  A jelly (D:8)
  3 bullfrog skeletons
  A gnoll shaman (D:8)
  3 orc priests
  6 hounds
  An orc wizard (D:10)
  6 worker ants
  2 iguanas (D:5)
  A killer bee zombie (D:9)
  2 hound zombies
  A hound skeleton (D:5)
  6 adders
  3 gnolls (D:8)
  2 river rats (Sewer)
  3 shadow imps
  3 oozes
  2 adder skeletons
  An adder zombie (D:7)
  A worm (D:4)
  7 dart slugs
  7 leopard geckos
  26 orcs
  5 giant cockroaches
  8 goblins
  9 hobgoblins
  11 jackals
  3 quokkas
  4 ball pythons
  6 bats
  6 frilled lizards
  11 kobolds
  4 rats
212 creatures vanquished.

Vanquished Creatures (others)
  3 spectral weapons
3 creatures vanquished.

Grand Total: 215 creatures vanquished

Notes
Turn   | Place    | Note
-------+----------+-------------------------------------------
     0 | D:1      | torrenera the Gnoll Skald began the quest for the Orb.
     0 | D:1      | Reached XP level 1. HP: 20/20 MP: 6/6
   414 | D:1      | Reached XP level 2. HP: 26/26 MP: 7/7
   915 | D:1      | Reached XP level 3. HP: 31/31 MP: 9/9
   957 | D:1      | Reached skill level 5 in Spellcasting
  1622 | D:2      | Reached skill level 1 in Invocations
  1654 | D:2      | Reached skill level 1 in Short Blades
  1654 | D:2      | Reached skill level 1 in Long Blades
  1654 | D:2      | Reached skill level 1 in Maces & Flails
  1654 | D:2      | Reached skill level 1 in Polearms
  1654 | D:2      | Reached skill level 1 in Staves
  1654 | D:2      | Reached skill level 1 in Slings
  1654 | D:2      | Reached skill level 1 in Bows
  1654 | D:2      | Reached skill level 1 in Crossbows
  1654 | D:2      | Reached skill level 1 in Throwing
  1654 | D:2      | Reached skill level 1 in Stealth
  1654 | D:2      | Reached skill level 1 in Shields
  1654 | D:2      | Reached skill level 1 in Unarmed Combat
  1654 | D:2      | Reached skill level 1 in Evocations
  1744 | D:2      | Reached XP level 4. HP: 25/38 MP: 11/11
  2148 | D:2      | Learned a level 2 spell: Song of Slaying
  2151 | D:2      | Learned a level 2 spell: Shroud of Golubria
  2155 | D:2      | Learned a level 3 spell: Regeneration
  2159 | D:2      | Learned a level 3 spell: Spectral Weapon
  2185 | D:2      | Reached skill level 1 in Conjurations
  2185 | D:2      | Reached skill level 1 in Hexes
  2185 | D:2      | Reached skill level 1 in Summonings
  2185 | D:2      | Reached skill level 1 in Necromancy
  2185 | D:2      | Reached skill level 1 in Translocations
  2185 | D:2      | Reached skill level 1 in Transmutations
  2185 | D:2      | Reached skill level 1 in Fire Magic
  2185 | D:2      | Reached skill level 1 in Ice Magic
  2185 | D:2      | Reached skill level 1 in Air Magic
  2185 | D:2      | Reached skill level 1 in Earth Magic
  2185 | D:2      | Reached skill level 1 in Poison Magic
  2185 | D:2      | Reached XP level 5. HP: 43/43 MP: 6/12
  3398 | D:4      | Reached XP level 6. HP: 41/50 MP: 6/13
  3895 | D:4      | Reached skill level 5 in Fighting
  3895 | D:4      | Reached skill level 5 in Axes
  3895 | D:4      | Reached skill level 5 in Dodging
  4044 | D:5      | Entered Level 5 of the Dungeon
  4153 | D:5      | Found a staircase to the Ecumenical Temple.
  4182 | Temple   | Entered the Ecumenical Temple
  4362 | D:5      | Reached XP level 7. HP: 37/56 MP: 9/15
  4430 | D:5      | Noticed a fire elemental
  4437 | D:5      | Found a stormy altar of Qazlal.
  4465 | D:5      | Found a glowing drain.
  4479 | Sewer    | Entered a sewer
  4826 | Sewer    | Found a white marble altar of Elyvilon.
  5384 | D:5      | Reached XP level 8. HP: 63/63 MP: 16/16
  5466 | D:5      | Noticed a water elemental
  5466 | D:5      | Noticed an air elemental
  5649 | D:6      | Noticed Grinder
  5670 | D:6      | Killed Grinder
  5893 | D:6      | Found an ornate altar of the Wu Jian Council.
  5936 | D:6      | Got a scorched whip
  5937 | D:6      | Identified the +9 whip "Nofrauwa" {slash, rPois rF++ MP+9} (You found it on level 6 of the Dungeon)
  6601 | D:7      | Noticed Duvessa
  6601 | D:7      | Noticed Dowan
  6807 | D:7      | Killed Dowan
  6807 | D:7      | Reached XP level 9. HP: 56/69 MP: 10/18
  6809 | D:7      | Killed Duvessa
  7174 | D:7      | Noticed Joseph
  7193 | D:7      | Killed Joseph
  7193 | D:7      | Reached skill level 5 in Armour
  7202 | D:7      | Got an ancient leather armour
  7213 | D:7      | Identified the cursed +0 leather armour of Qibb {Regen+ Str+5} (You found it on level 7 of the Dungeon)
  7293 | D:7      | Found an iron altar of Okawaru.
  7295 | D:7      | Found a glowing golden altar of the Shining One.
  7295 | D:7      | Found a glowing silver altar of Zin.
  7296 | D:7      | Found a sacrificial altar of Ru.
  7351 | D:7      | Noticed Pikel
  7387 | D:7      | Killed Pikel
  7387 | D:7      | Reached skill level 5 in Invocations
  7439 | D:7      | Became a worshipper of Warmaster Okawaru
  7648 | D:8      | Reached XP level 10. HP: 54/77 MP: 15/20
  7865 | D:8      | Found a staircase to the Lair.
  7884 | D:8      | Reached * piety under Okawaru
  7911 | D:8      | Reached skill level 5 in Short Blades
  7911 | D:8      | Reached skill level 5 in Long Blades
  7911 | D:8      | Reached skill level 5 in Maces & Flails
  7911 | D:8      | Reached skill level 5 in Polearms
  7911 | D:8      | Reached skill level 5 in Staves
  7911 | D:8      | Reached skill level 5 in Slings
  7911 | D:8      | Reached skill level 5 in Bows
  7911 | D:8      | Reached skill level 5 in Crossbows
  7911 | D:8      | Reached skill level 5 in Throwing
  7911 | D:8      | Reached skill level 5 in Stealth
  7911 | D:8      | Reached skill level 5 in Shields
  7911 | D:8      | Reached skill level 5 in Unarmed Combat
  7911 | D:8      | Reached skill level 5 in Evocations
  7938 | D:8      | Noticed Erica
  8621 | D:9      | Found a sparkling altar of Nemelex Xobeh.
  8886 | D:10     | Entered Level 10 of the Dungeon
  9339 | D:10     | Reached ** piety under Okawaru
  9656 | D:11     | Got a pitted helmet
  9737 | D:11     | Noticed a four-headed hydra
  9739 | D:11     | Noticed a cyan ugly thing
  9744 | D:11     | Killed a four-headed hydra
  9748 | D:11     | Killed a cyan ugly thing
  9748 | D:11     | Reached XP level 11. HP: 50/84 MP: 22/22
  9850 | D:8      | Killed Erica
  9850 | D:8      | Reached *** piety under Okawaru
  9888 | Lair:1   | Entered Level 1 of the Lair of Beasts
  9961 | Lair:1   | Slain by a black mamba

Skill      XL: |  1  2  3  4  5  6  7  8  9 10 |
---------------+-------------------------------+-----
Spellcasting   | 5 6 7 |  7.9
Invocations    | 1 2 3 4 5 6 |  6.5
Short Blades   | 1 2 3 4 5 |  5.9
Long Blades    | 1 2 3 4 5 |  5.9
Maces & Flails | 1 2 3 4 5 |  5.9
Polearms       | 1 2 3 4 5 |  5.9
Staves         | 1 2 3 4 5 |  5.9
Slings         | 1 2 3 4 5 |  5.9
Bows           | 1 2 3 4 5 |  5.9
Crossbows      | 1 2 3 4 5 |  5.9
Throwing       | 1 2 3 4 5 |  5.9
Stealth        | 1 2 3 4 5 |  5.9
Shields        | 1 2 3 4 5 |  5.9
Unarmed Combat | 1 2 3 4 5 |  5.9
Evocations     | 1 2 3 4 5 |  5.9
Conjurations   | 1 2 3 4 |  4.9
Hexes          | 1 2 3 4 |  4.9
Summonings     | 1 2 3 4 |  4.9
Necromancy     | 1 2 3 4 |  4.9
Translocations | 1 2 3 4 |  4.9
Transmutations | 1 2 3 4 |  4.9
Fire Magic     | 1 2 3 4 |  4.9
Ice Magic      | 1 2 3 4 |  4.9
Air Magic      | 1 2 3 4 |  4.9
Earth Magic    | 1 2 3 4 |  4.9
Poison Magic   | 1 2 3 4 |  4.9
Armour         | 3 4 5 6 |  6.5
Fighting       | 5 6 7 |  7.6
Axes           | 5 6 7 |  7.6
Dodging        | 5 6 7 |  7.6
Charms         | 6 7 |  7.4

Action                   |  1- 3 |  4- 6 |  7- 9 | 10-12 || total
-------------------------+-------+-------+-------+-------++-------
Melee: Hand axe          |   100 |    90 |       |       ||   190
       Bite              |    13 |    23 |    29 |    25 ||    90
       Short sword       |       |    57 |       |       ||    57
       War axe           |       |    23 |   117 |       ||   140
       Punch             |       |     1 |     2 |     4 ||     7
       Whip              |       |       |    97 |   151 ||   248
 Fire: Shortbow          |       |       |   104 |    95 ||   199
Throw: Stone             |     3 |     9 |     6 |       ||    18
 Cast: Regeneration      |       |     6 |    21 |    14 ||    41
       Spectral Weapon   |       |     4 |     6 |     6 ||    16
       Infusion          |       |     5 |     5 |     9 ||    19
       Shroud of Golubri |       |       |     9 |    10 ||    19
       Song of Slaying   |       |       |     2 |     1 ||     3
Evoke: Wand              |       |       |     3 |     1 ||     4
  Use: Scroll            |       |     7 |     6 |       ||    13
       Potion            |       |       |     2 |     3 ||     5
 Stab: Sleeping          |     1 |     3 |       |     2 ||     6
  Eat: Chunk             |     3 |     8 |    14 |     8 ||    33
Armor: Leather armour    |    13 |    26 |    45 |    27 ||   111
Dodge: Dodged            |    63 |   128 |   185 |   137 ||   513
Block: Other             |       |       |     1 |    19 ||    20
       Reflection        |       |       |       |     1 ||     1
